 Dungeon Crawl Stone Soup version 0.30-a0-782-ge64f9170bb (webtiles) character file.

Game seed: 9312789657521398733

875 mopl the Cudgeller (level 8, -8/48 HPs)
             Began as a Gargoyle Fighter on Mar 9, 2023.
             Killed by divine providence
             ... invoked by an orc priest
              (15 damage)
             ... on level 5 of the Dungeon.
             The game lasted 00:03:46 (3649 turns).

mopl the Cudgeller (Gargoyle Fighter)               Turns: 3649, Time: 00:03:46

Health: -8/48      AC: 16    Str: 20    XL:     8   Next: 4%
Magic:  8/8        EV:  8    Int:  9    God:
Gold:   177        SH:  4    Dex: 11    Spells: 7/7 levels left

rFire   . . .      SeeInvis .    a - +0 flail
rCold   . . .      Faith    .    c - +0 buckler
rNeg    + . .      Spirit   .    l - +0 chain mail
rPois   ∞          Reflect  .    (no helmet)
rElec   +          Harm     .    (no cloak)
rCorr   .          Rampage  .    o - +0 pair of gloves
Will    .....                    (no boots) Stlth
                                 (no amulet)
HPRegen 0.28/turn                (no ring)
MPRegen 0.11/turn                (no ring)

@: no status effects
A: sickness immunity, AC +5, negative energy resistance 1, electricity
resistance, torment resistance 1, petrification resistance
a: no special abilities


You were on level 5 of the Dungeon.
You visited 1 branch of the dungeon, and saw 5 of its levels.

You collected 177 gold pieces.

Inventory:

Hand Weapons
 a - a +0 flail (weapon)
 y - the +7 dagger "Xuasuthre" {freeze, rElec rCorr}
   (You took it off a hobgoblin on level 4 of the Dungeon)

   rElec:     It insulates you from electricity.
   rCorr:     It protects you from acid and corrosion.
Missiles
 u - 2 poisoned darts (quivered)
Armour
 c - a +0 buckler (worn)
 l - a +0 chain mail (worn)
 o - a +0 pair of gloves (worn)
Jewellery
 h - a ring of fire
 n - an amulet of guardian spirit
Wands
 m - a wand of light (7)
 s - a wand of iceblast (5)
 A - a wand of polymorph (12)
Scrolls
 b - 4 scrolls of fear {unknown}
 f - 2 scrolls of amnesia {unknown}
 g - a scroll of teleportation {unknown}
 i - 2 scrolls of enchant armour {unknown}
 q - 2 scrolls of blinking {unknown}
 r - a scroll of vulnerability {unknown}
 v - 3 scrolls of summoning {unknown}
 x - 3 scrolls of identify {unknown}
Potions
 d - a potion of might
 e - a potion of cancellation {unknown}
 j - a potion of flight {unknown}
 k - a potion of resistance {unknown}
 p - a potion of heal wounds {unknown}
 t - a potion of brilliance {unknown}
 w - a potion of lignification {unknown}
 z - a potion of attraction {unknown}


   Skills:
 + Level 4.9 Fighting
 * Level 5.3 Maces & Flails
 + Level 2.2 Throwing
 + Level 5.0 Armour
 + Level 2.6 Dodging
 - Level 3.2 Shields
 + Level 2.1 Evocations


You had 7 spell levels left.
You didn't know any spells.
Your spell library contained the following spells:

 Spells                   Type           Power      Damage    Failure   Level
 Petrify                  Tmut/Erth      0%         N/A       100%        4
 Irradiate                Conj/Tmut      0%         3d11      100%        5
 Sublimation of Blood     Necr           Unusable   N/A       N/A         2

Dungeon Overview and Level Annotations

Branches:
Dungeon (5/15)
 Temple: D:4-7

Altars:
Trog
Xom

Annotations:
D:4 3 runed translucent doors, gengaozo's ghost, weakling DgTm


Innate Abilities, Weirdness & Mutations

You are immune to sickness and miasma.
Your stone body is resilient. (AC +5)
You are immune to poison.
You resist negative energy. (rN+)
You are resistant to electric shocks. (rElec)
You are resistant to unholy torment.
You are immune to petrification.


Message History

The hound bites you but does no damage. The orc hits you but does no damage.
The hound bites you but does no damage.
You closely miss the hound.
The hound is almost dead.
The hound bites you but does no damage. The orc barely misses you.
The hound bites you but does no damage.
You barely miss the hound.
The hound is almost dead.
You block the orc's attack. The hound bites you but does no damage.
The orc hits you but does no damage. The hound bites you but does no damage.
You miss the hound.
The hound is almost dead.
The hound bites you. The orc closely misses you.
You barely miss the hound.
The hound is almost dead.
The hound closely misses you.
The orc priest calls down the wrath of Beogh upon you.
Beogh smites you! The orc hits you but does no damage.
The hound barely misses you.
You sock the hound!
You kill the hound!
The orc hits you with a +0 mace.
You hit the ogre.
The ogre is lightly wounded.
The orc barely misses you.
The ogre hits you with a +0 giant spiked club!!
* * * LOW HITPOINT WARNING * * *
You are too injured to fight recklessly!
You are too injured to fight recklessly!
You are too injured to fight recklessly!
You are too injured to fight recklessly!
You are too injured to fight recklessly!
You are too injured to fight recklessly!
You are too injured to fight recklessly!
You are too injured to fight recklessly!
You are too injured to fight recklessly!
You are too injured to fight recklessly!
The orc priest invokes the aid of Beogh against you.
Beogh smites you!
You die...

## .## ##... ..##
....# #..### ....#
##...# ....#
####.####### ....#
#
#.......######....#
# #######.......#
## #######@# .# #o#
.# #O.o.# .#
#oo...# (# #......#
.# #....#.# .#
#....# .. ## #....#
. # .....)


You could see an ogre, an orc priest and 2 orcs.

Vanquished Creatures
  Sigmund (D:4)
  2 black bears
  An ogre (D:4)
  2 scorpions
  A howler monkey (D:4)
  A hound (D:5)
  A jelly (D:4)
  Ijyb (D:3)
  3 gnolls (D:3)
  9 adders
  A white imp (D:5)
  3 worms
  3 dart slugs
  5 orcs
  7 ball pythons
  8 endoplasms
  4 giant cockroaches
  8 hobgoblins
  3 jackals (D:3)
  11 kobolds
  3 quokkas
  5 bats
  4 frilled lizards
  8 goblins
  5 rats
100 creatures vanquished.

Vanquished Creatures (others)
  A withered plant (D:2)
1 creature vanquished.

Grand Total: 101 creatures vanquished

Notes
Turn   | Place    | Note
-------+----------+-------------------------------------------
     0 | D:1      | mopl the Gargoyle Fighter began the quest for the Orb.
     0 | D:1      | Reached XP level 1. HP: 14/14 MP: 1/1
   222 | D:1      | Reached XP level 2. HP: 12/19 MP: 2/2
   632 | D:1      | Reached XP level 3. HP: 23/23 MP: 3/3
  1176 | D:2      | Reached skill level 1 in Dodging
  1271 | D:2      | Reached skill level 3 in Maces & Flails
  1271 | D:2      | Found a faded altar of an unknown god.
  1448 | D:2      | Reached XP level 4. HP: 28/29 MP: 4/4
  1509 | D:2      | Found a shimmering altar of Xom.
  1832 | D:3      | Noticed Ijyb
  1850 | D:3      | Killed Ijyb
  1866 | D:3      | Reached skill level 4 in Armour
  1866 | D:3      | Reached XP level 5. HP: 30/33 MP: 5/5
  2035 | D:3      | Found a bloodstained altar of Trog.
  2065 | D:3      | Reached skill level 4 in Fighting
  2146 | D:3      | Reached XP level 6. HP: 38/38 MP: 6/6
  2170 | D:3      | Reached skill level 4 in Maces & Flails
  2272 | D:3      | Noticed a black bear
  2284 | D:3      | Killed a black bear
  2285 | D:3      | Reached skill level 1 in Throwing
  2285 | D:3      | Reached skill level 2 in Dodging
  2285 | D:3      | Reached skill level 1 in Evocations
  2705 | D:4      | Found a runed translucent gate.
  2705 | D:4      | Found a runed translucent gate.
  2705 | D:4      | Found a runed translucent gate.
  2709 | D:4      | Noticed gengaozo's ghost (weakling DgTm)
  2765 | D:4      | Noticed Sigmund
  2773 | D:4      | Killed Sigmund
  2774 | D:4      | Reached XP level 7. HP: 28/44 MP: 7/7
  2871 | D:4      | Identified the +7 dagger "Xuasuthre" {freeze, rElec rCorr}
  3096 | D:4      | Reached skill level 5 in Maces & Flails
  3096 | D:4      | Reached skill level 2 in Throwing
  3506 | D:5      | Entered Level 5 of the Dungeon
  3523 | D:5      | Reached skill level 5 in Armour
  3523 | D:5      | Reached skill level 2 in Evocations
  3626 | D:5      | Reached XP level 8. HP: 46/48 MP: 8/8
  3649 | D:5      | Killed from afar by an orc priest

Illustrated notes

Levels and vault maps discovered:
D:1:      dpeg_arrival_brainrot, layout_basic, dk_noncrumbling_3, minmay_3d_cube
D:2:      layout_loops_ring, ebering_ecumenical_altar_petrified, basic_altar,
          grunt_ministairs_15
D:3:      layout_loops_cross, bloody_trog, nicolae_eternal_life,
          grunt_ministairs_6, uniq_ijyb
D:4:      layout_layer_cave, gammafunk_ghost_split, grunt_ministairs_9,
          nicolae_titane, uniq_sigmund
D:5:      layout_basic

Skill      XL: |  1  2  3  4  5  6  7 |
---------------+----------------------+-----
Dodging        | 1 2 |  2.6
Maces & Flails | 3 4 5 |  5.3
Armour         | 4 5 |  5.0
Fighting       | 4 |  4.9
Throwing       | 1 2 |  2.2
Evocations     | 1 2 |  2.1
Shields        | |  3.2

Action                     |  1- 3 |  4- 6 |  7- 9 || total
---------------------------+-------+-------+-------++-------
  Melee: Flail             |   124 |   166 |    87 ||   377
  Evoke: Wand              |       |     1 |       ||     1
   Stab: Invisible         |       |     1 |       ||     1
 Armour: Scale mail        |    62 |       |       ||    62
         Chain mail        |    27 |   124 |    74 ||   225
  Dodge: Dodged            |    55 |    50 |    39 ||   144
  Block: Buckler           |    30 |    41 |    16 ||    87

Table legend: (Time is in decaauts)
 A = Elapsed time spent in this place.
 B = Non-inter-level travel time spent in this place.
 C = Inter-level travel time spent in this place.
 D = Time resting spent in this place.
 E = Time spent auto-exploring this place.
 F = Levels seen in this place.
 G = Mean time per level.
                   A        B        C        D        E       F      G
               +--------+--------+--------+--------+--------+-----+--------+
         Total |   3745 |   3630 |    115 |    223 |   2549 |   5 |  749.0 |
       Dungeon |   3745 |   3630 |    115 |    223 |   2549 |   5 |  749.0 |
               +--------+--------+--------+--------+--------+-----+--------+

Top non-repeatable levels by time:
     D:1: 1117 daAuts
     D:4: 916 daAuts
     D:3: 799 daAuts
     D:2: 761 daAuts
     D:5: 150 daAuts
